 Dungeon Crawl Stone Soup version 0.27-a0-1586-gd5c625afe7 (webtiles) character file.

Game seed: 1078601003200038376

358 HAL9000 the Cutter (level 6, 0/30 HPs)
             Began as a Vine Stalker Brigand on July 18, 2021.
             Succumbed to a water moccasin's poison
             ... on level 4 of the Dungeon.
             The game lasted 00:08:07 (3893 turns).

HAL9000 the Cutter (Vine Stalker Brigand)           Turns: 3893, Time: 00:08:08

Health: 0/30       AC:  3    Str: 12 (15) XL:     6   Next: 64%
Magic:  3/7        EV: 11    Int:  9 (11) God:
Gold:   164        SH:  0    Dex: 14 (16) Spells: 5/5 levels left

rFire    . . .     SeeInvis .   a - +2 dagger
rCold    . . .     Faith    .   (no shield)
rNeg     + . .     Spirit   +   b - +0 robe
rPois    .         Reflect  .   (no helmet)
rElec    .         Harm     .   c - +0 cloak
rCorr    .         Rampage  .   (no gloves)
Will     .....                  (no boots)
Stlth    +++.......             (no amulet)
HPRegen  1.10/turn              j - ring of positive energy
MPRegen  0.10/turn              (no ring)

@: lethally poisoned (0 -> -15)
A: fangs 2, regeneration 1, magic shield, antimagic bite, no potion heal 2
a: no special abilities


You were on level 4 of the Dungeon.
You visited 1 branch of the dungeon, and saw 4 of its levels.

You collected 164 gold pieces.

Inventory:

Hand Weapons
 a - a +2 dagger (weapon)
 k - a +2 vampiric short sword
Missiles
 d - 4 poisoned darts (quivered)
 p - 2 boomerangs
Armour
 b - a +0 robe (worn)
 c - a +0 cloak (worn)
Jewellery
 j - a ring of positive energy (left hand)
Wands
 q - a wand of charming (5)
Scrolls
 l - a scroll of summoning {unknown}
 m - a scroll of amnesia
 o - a scroll of immolation {unknown}
Potions
 g - 2 potions of lignification
 h - a potion of curing {unknown}
 i - 2 potions of flight
 n - 2 potions of attraction


   Skills:
 - Level 1.7 Fighting
 + Level 5.6 Short Blades
 - Level 3.1 Throwing
 - Level 0.7 Dodging
 - Level 4.8 Stealth


You had 5 spell levels left.
You didn't know any spells.
Your spell library contained the following spells:

 Spells                   Type           Power      Damage    Failure   Level
 Static Discharge         Conj/Air       0%         N/A       52%         2
 Lightning Bolt           Conj/Air       0%         1d11      100%        5
 Maxwell's Capacitive Co  Air            0%         ∞         100%        8


Dungeon Overview and Level Annotations

Branches:
Dungeon (4/15)
 Temple: D:4-7

Altars:
Qazlal

Shops:
D:1 (


Innate Abilities, Weirdness & Mutations

You have extremely sharp teeth.
Your natural rate of healing is unusually fast.
When hurt, damage is shared between your health and your magic reserves.
Your bite disrupts and absorbs the magic of your enemies.
Potions cannot restore your health.


Message History

You hit the water moccasin but do no damage.
Your bite misses the water moccasin.
The water moccasin is lightly wounded.
The water moccasin barely misses you.
You hit the water moccasin. You bite the water moccasin. You drain its power.
You feel invigorated.
The water moccasin is moderately wounded.
The water moccasin bites you.
You barely miss the water moccasin.
The water moccasin is moderately wounded.
The water moccasin bites you.
You are poisoned.
The water moccasin poisons you!
You miss the water moccasin.
The water moccasin is moderately wounded.
You feel very sick.
The water moccasin bites you but does no damage.
You hit the water moccasin but do no damage.
You bite the water moccasin. You drain its power.
You feel invigorated.
The water moccasin is moderately wounded.
You feel very sick. The water moccasin bites you.
You hit the water moccasin.
The water moccasin is heavily wounded.
You feel sick. The water moccasin barely misses you.
You barely miss the water moccasin. You bite the water moccasin.
You drain its power.
You feel invigorated.
The water moccasin is severely wounded.
You feel sick. The water moccasin barely misses you.
You hit the water moccasin.
You bite the water moccasin, but do no damage.
The water moccasin is severely wounded.
You feel sick. The water moccasin bites you!
* * * LOW HITPOINT WARNING * * *
You are lethally poisoned!
The water moccasin poisons you!
It was a potion of degeneration.
There was something very wrong with that liquid.
You feel weakened.
You feel dopey.
You feel clumsy.
You die...

#.#.###..##......
#.#.#............
...........####
##.#.......#
#.........#
###...#.###
#...#...
#...#..#..
##@##..# ##
#.S.##.#
#..$(.#.#
##....#.. ##.#(#
#.#.# #.#.# ....#


You could see a water moccasin.

Vanquished Creatures
  Sigmund (D:3)
  A bullfrog zombie (D:3)
  An orc priest (D:3)
  2 orc wizards (D:3)
  2 adders
  A dart slug (D:3)
  4 orcs (D:3)
  4 endoplasms
  A giant cockroach (D:1)
  8 goblins
  3 hobgoblins (D:1)
  9 jackals
  6 kobolds
  A quokka (D:2)
  3 ball pythons
  7 bats
  2 frilled lizards (D:2)
  5 rats
61 creatures vanquished.

Notes
Turn   | Place    | Note
-------+----------+-------------------------------------------
     0 | D:1      | HAL9000 the Vine Stalker Brigand began the quest for the
                  | Orb.
     0 | D:1      | Reached XP level 1. HP: 11/11 MP: 2/2
    51 | D:1      | Found Quonan's Weapon Shoppe.
   361 | D:1      | Reached XP level 2. HP: 15/15 MP: 3/3
   626 | D:1      | Found a faded altar of an unknown god.
  1415 | D:1      | Reached XP level 3. HP: 18/18 MP: 4/4
  1544 | D:2      | Reached skill level 2 in Short Blades
  2717 | D:3      | Reached skill level 3 in Short Blades
  2717 | D:3      | Gained mutation: Your natural rate of healing is unusually
                  | fast. [Vine Stalker growth]
  2717 | D:3      | Reached XP level 4. HP: 1/23 MP: 2/5
  2852 | D:3      | Noticed Sigmund
  2869 | D:3      | Killed Sigmund
  2870 | D:3      | Reached skill level 5 in Short Blades
  2870 | D:3      | Reached XP level 5. HP: 13/26 MP: 2/6
  2870 | D:3      | Reached XP level 6. HP: 16/30 MP: 2/7
  2945 | D:3      | Found a stormy altar of Qazlal.
  3875 | D:4      | Noticed a water moccasin
  3893 | D:4      | Succumbed to a water moccasin's poison

Illustrated notes

Levels and vault maps discovered:
D:1:      minmay_arrival_glassed_features, layout_loops_corners, serial_shops,
          shop, hellmonk_ecumenical_altar_inner_sanctum
D:2:      layout_basic, chequers_serial_rivers_micro_b
D:3:      layout_basic, mainiacjoe_overflow_paths, minmay_statues_item,
          uniq_sigmund
D:4:      minmay_evil_eye, layout_loops_corners, gammafunk_ghost_necromancy

Skill      XL: |  1  2  3  4 |
---------------+-------------+-----
Throwing       | 2 3 |  3.1
Short Blades   | 3 5 |  5.6
Fighting       | |  1.7
Dodging        | |  0.7
Stealth        | |  4.8

Action                   |  1- 3 |  4- 6 || total
-------------------------+-------+-------++-------
Melee: Dagger            |   117 |    69 ||   186
       Bite              |    29 |    18 ||    47
Throw: Dart              |     5 |    21 ||    26
  Use: Scroll            |     2 |     3 ||     5
       Potion            |       |     1 ||     1
 Stab: Sleeping          |     9 |     3 ||    12
       Distracted        |       |     1 ||     1
Armor: Robe              |    33 |    10 ||    43
Dodge: Dodged            |    60 |    31 ||    91

Table legend: (Time is in decaauts)
 A = Elapsed time spent in this place.
 B = Non-inter-level travel time spent in this place.
 C = Inter-level travel time spent in this place.
 D = Time resting spent in this place.
 E = Time spent auto-exploring this place.
 F = Levels seen in this place.
 G = Mean time per level.
                   A        B        C        D        E       F      G
               +--------+--------+--------+--------+--------+-----+--------+
         Total |   3856 |   3672 |    184 |    660 |   2465 |   4 |  964.0 |
       Dungeon |   3856 |   3672 |    184 |    660 |   2465 |   4 |  964.0 |
               +--------+--------+--------+--------+--------+-----+--------+

Top non-repeatable levels by time:
     D:1: 1469 daAuts
     D:2: 1176 daAuts
     D:3: 1170 daAuts
     D:4: 40 daAuts
